 Dungeon Crawl Stone Soup version 0.28-a0-1130-gc51a68064b (webtiles) character file.

Game seed: 691138984054454166

322461 dolemite99 the Warrior (level 20, -2/289 HPs)
             Began as a Minotaur Hunter on Dec 13, 2021.
             Was the Champion of Nemelex Xobeh.
             Slain by a phantasmal warrior (14 damage)
             ... on level 1 of the Depths.
             The game lasted 01:59:19 (80947 turns).

dolemite99 the Warrior (Minotaur Hunter)           Turns: 80947, Time: 01:59:19

Health: -2/289     AC: 30    Str: 24    XL:     20   Next: 67%
Magic:  31/31      EV: 11    Int:  8    God:    Nemelex Xobeh [******]
Gold:   205        SH:  0    Dex: 13    Spells: 19/19 levels left

rFire   + + .      SeeInvis .   x - +1 great mace (holy)
rCold   + + .      Faith    +   (shield currently unavailable)
rNeg    . . .      Spirit   .   j - +4 plate armour {rC+}
rPois   +          Reflect  .   (helmet restricted)
rElec   +          Harm     .   G - +2 cloak {rCorr}
rCorr   +          Rampage  .   (no gloves)
Will    .....                   n - +2 pair of boots
Stlth   ..........              q - amulet of faith
HPRegen 0.58/turn               k - +4 ring of slaying {=R}
MPRegen 0.22/turn               c - ring of protection from fire

@: mighty, berserking, resistant, weak-willed, invisible, very quick
A: horns 2, retaliatory headbutt
}: 2/15 runes: decaying, serpentine
a: Renounce Religion, Draw Escape, Draw Destruction, Draw Summoning, Triple
Draw, Deal Four, Stack Five


You were on level 1 of the Depths.
You worshipped Nemelex Xobeh.
Nemelex Xobeh was exalted by your worship.
You visited 8 branches of the dungeon, and saw 38 of its levels.
You visited 1 bazaar.
You also visited: Bailey.

You collected 4591 gold pieces.
You spent 4386 gold pieces at shops.

Inventory:

Hand Weapons
 a - a +1 vorpal great mace
 b - a +4 longbow of flaming
 x - a +1 great mace of holy wrath (weapon)
Missiles
 d - 554 arrows
Armour
 j - a +4 plate armour of cold resistance (worn)
 n - a +2 pair of boots (worn)
 G - a +2 cloak of preservation (worn)
Jewellery
 c - a ring of protection from fire (right hand)
 e - a +4 ring of evasion
 k - a +4 ring of slaying (left hand) {=R}
 p - a ring of protection from fire
 q - an amulet of faith (around neck)
 C - the amulet of Lopungiecu {RegenMP Rampage rPois}
   (You bought it in a shop on level 10 of the Dungeon)

   [amulet of magic regeneration]

   It increases your rate of magic regeneration.
   rPois:     It protects you from poison.
   Rampage:   It bestows one free step when moving towards enemies.
 J - a ring of see invisible
 O - a ring of protection from cold
 T - a ring of resist corrosion
Wands
 f - a wand of polymorph (23)
 H - a wand of paralysis (4)
 R - a wand of digging (17)
Scrolls
 h - 2 scrolls of enchant weapon
 i - 4 scrolls of fog
 m - 8 scrolls of immolation
 t - a scroll of silence
 v - 2 scrolls of blinking
 w - a scroll of enchant armour
 F - 15 scrolls of teleportation
 K - 20 scrolls of identify {@r1}
Potions
 g - 4 potions of lignification
 l - 11 potions of curing
 r - 6 potions of attraction
 u - 5 potions of berserk rage
 A - 5 potions of mutation
 B - 4 potions of magic
 D - 4 potions of haste
 M - 6 potions of might
 N - 8 potions of brilliance
 P - a potion of resistance
 S - a potion of cancellation
 X - 5 potions of flight
Miscellaneous
 W - a lightning rod (inert)
 Z - a condenser vane (inert)


   Skills:
 - Level 20.0 Fighting
 - Level 19.2 Maces & Flails
 - Level 17.0 Bows
 - Level 19.0 Armour
 + Level 8.7 Dodging
 - Level 0.7 Stealth
 - Level 17.2 Invocations
 - Level 11.3 Evocations


You had 19 spell levels left.
You didn't know any spells.
Your spell library contained the following spells:

 Spells                   Type           Power      Damage    Failure   Level
 Animate Skeleton         Necr           0%         N/A       95%         1
 Apportation              Tloc           0%         N/A       95%         1
 Foxfire                  Conj/Fire      0%         2x1d4     95%         1
 Freeze                   Ice            0%         1d3       95%         1
 Pain                     Necr           0%         1d4       95%         1
 Sandblast                Erth           0%         2d4       95%         1
 Slow                     Hex            0%         N/A       95%         1
 Sting                    Tmut/Pois      0%         1d3       95%         1
 Summon Small Mammal      Summ           0%         N/A       95%         1
 Blink                    Tloc           0%         N/A       98%         2
 Passwall                 Tmut/Erth      0%         N/A       98%         2
 Wereblood                Tmut           0%         N/A       98%         2
 Confusing Touch          Hex            0%         N/A       100%        3
 Conjure Flame            Conj/Fire      0%         6-21      100%        3
 Frozen Ramparts          Ice            0%         1d2       100%        3
 Ignite Poison            Fire/Tmut/Pois 0%         N/A       100%        3
 Inner Flame              Hex/Fire       0%         N/A       100%        3
 Lesser Beckoning         Tloc           0%         N/A       100%        3
 Ozocubu's Armour         Ice            0%         N/A       100%        3
 Portal Projectile        Hex/Tloc       0%         N/A       100%        3
 Stone Arrow              Conj/Erth      0%         3d7       100%        3
 Vampiric Draining        Necr           0%         2d6       100%        3
 Animate Armour           Summ/Erth      0%         N/A       100%        4
 Cause Fear               Hex            0%         N/A       100%        4
 Flame Wave               Conj/Fire      0%         2d4       100%        4
 Hailstorm                Conj/Ice       0%         3d3       100%        4
 Petrify                  Tmut/Erth      0%         N/A       100%        4
 Sticky Flame             Conj/Fire      0%         2d3       100%        4
 Summon Ice Beast         Ice/Summ       0%         N/A       100%        4
 Summon Lightning Spire   Summ/Air       0%         N/A       100%        4
 Agony                    Necr           0%         N/A       100%        5
 Alistair's Intoxication  Tmut/Pois      0%         N/A       100%        5
 Blade Hands              Tmut           0%         N/A       100%        5
 Borgnjor's Vile Clutch   Necr/Erth      0%         N/A       100%        5
 Excruciating Wounds      Necr           0%         N/A       100%        5
 Freezing Cloud           Conj/Ice/Air   0%         6-21      100%        5
 Manifold Assault         Tloc           0%         N/A       100%        5
 Metabolic Englaciation   Hex/Ice        0%         N/A       100%        5
 Summon Forest            Summ/Tloc      0%         N/A       100%        5
 Eringya's Noxious Bog    Tmut/Pois      0%         N/A       100%        6
 Simulacrum               Ice/Necr       0%         N/A       100%        6
 Dragon Form              Tmut           0%         N/A       100%        7
 Storm Form               Tmut/Air       0%         N/A       100%        7
 Summon Hydra             Summ           0%         N/A       100%        7
 Maxwell's Capacitive Co  Air            0%         ∞         100%        8
 Polar Vortex             Ice            0%         N/A       100%        9


Dungeon Overview and Level Annotations

Branches:
Dungeon (15/15)            Temple (0/1) D:7            Lair (6/6) D:8
  Swamp (4/4) Lair:4        Snake (4/4) Lair:3        Slime (0/5) Lair:5
    Orc (2/2) D:11            Elf (2/3) Orc:2        Vaults (4/5) D:14
  Crypt (0/3) Vaults:2     Depths (1/4) D:15         Bailey (visited)

Altars:
Cheibriados
Dithmenos
Gozag
Hepliaklqana
Nemelex Xobeh
Qazlal
Vehumet
The Shining One
Beogh
Lugonu

Shops:
D:2 [   D:6 (   D:10 *=:(   Orc:1 *   Orc:2 !?(*   Elf:2 *   Vaults:1 (
Vaults:2 !   Vaults:3 !   Vaults:4 ==

Portals:
Abyss: Lair:6

Annotations:
D:7 2 transporters, petzl's ghost, novice OpAM
Lair:6 exclusion: oklob plant
Vaults:3 2 transporters


Innate Abilities, Weirdness & Mutations

You have a pair of horns on your head.
You reflexively headbutt those who attack you in melee.


Message History

Okay, then.
Blink to where?
Press: ? - help, Dir - move target
As you read the scroll of blinking, it crumbles to dust.
The walls disappear prematurely!
The frost giant gestures at you while chanting.
The bolt of cold misses you. The phantasmal warrior gestures at you.
The phantasmal warrior blinks!
You feel better. The phantasmal warrior gestures at you.
The phantasmal warrior blinks!
The phantasmal warrior gestures at you.
The phantasmal warrior blinks!
Blink to where?
Press: ? - help, Dir - move target
As you read the scroll of blinking, it crumbles to dust.
As you read the scroll of fog, it crumbles to dust.
The scroll dissolves into smoke.
You feel better.
You feel better.
You fade into invisibility!
You feel protected.
You feel very mighty all of a sudden. The phantasmal warrior gestures at you.
The phantasmal warrior blinks!
Okay, then.
A red film seems to cover your vision as you go berserk!
You feel yourself moving faster!
You feel mighty! The phantasmal warrior hits you!
* * * LOW HITPOINT WARNING * * *
Something unseen opens the door.
You barely miss the phantasmal warrior. The phantasmal warrior hits you!!
* * * LOW HITPOINT WARNING * * *
You bludgeon the phantasmal warrior!!
The phantasmal warrior convulses!
The phantasmal warrior is severely damaged.
The frost giant hits you but does no damage.
The phantasmal warrior hits you!
You die...
Your body glows with a rainbow of weird colours and disappears.

,*,,,,,,,,,,,,,,,,.W..,,#......#.
,*>,,,,,,,,,,,,,,,.§§..,#......#.
,*,,,,,,,,,,,,,,,,[§§...#......#.
,*,,,,,,,,,,,,,,,,......#......#.
,+,,,,,,,,,,,,,,,,§V..).'......#.
,*,,,,,,,,,,,,,,,,...^..#§C....#.
+**,,,**,,,**#,,**#####'##.##.###
,,*,,,**,#####'#####....##.##.###
,,,,,,,,,.....§§@W.§..W.........#
,,,,,,,,,.....§§WC§§.....§CV(..##
,,,,,,,,,.......§§§.......C....##
*,,,,,,,,.......#.####WC..#######
,,,,,,≈≈≈≈≈.....*.#**#....#*#####
,,,,≈≈≈≈≈≈≈≈≈...,..,#......#,,,,,
,,≈≈≈≈≈≈≈≈≈≈≈≈≈.,..,#......#,,,,,
,,,,≈≈≈≈≈≈≈≈≈≈..,...+......+,,,,,
,,,,≈≈≈≈≈≈≈≈≈,,,,,,,#..#####,****


You could see a frost giant and 2 phantasmal warriors.

Vanquished Creatures
  Mara (Snake:3)
  the Lernaean hydra (Swamp:4)
  Bai Suzhen (Swamp:4)
  Rupert (D:13)
  Mlioglotl (Snake:1)
  Asterion (Snake:1)
  3 sphinxes
  Donald (Snake:1)
  Kirke (Swamp:2)
  2 fenstrider witches (Swamp:3)
  A fire giant (Vaults:4)
  An azure jelly (Snake:4)
  9 nagarajas
  Aizul (Snake:1)
  14 vault wardens
  2 orc warlords
  A deep elf sorcerer (Elf:2)
  13 ironbound preservers
  5 very ugly things
  Nessos (D:14)
  2 stone giants
  A deep elf demonologist (Elf:1)
  A vampire knight (Vaults:2)
  An entropy weaver (Vaults:3)
  3 eleionomae
  A bunyip (Swamp:2)
  10 dire elephants
  A deep elf death mage (Vaults:1)
  Josephine (Snake:1)
  An ettin (Depths:1)
  A fire dragon (Depths:1)
  A great orb of eyes (Vaults:3)
  A jiangshi (Vaults:2)
  5 yaktaur captains
  A deep elf high priest (Vaults:2)
  An ice dragon (Depths:1)
  5 ironbound thunderhulks
  4 boulder beetles
  2 salamander tyrants
  13 hydras
  7 vault guards
  10 ironbound frosthearts
  10 naga warriors
  Erica (Lair:2)
  8 two-headed ogres
  13 anacondas
  6 centaur warriors
  10 alligators
  A two-headed ogre (shapeshifter) (Vaults:4)
  3 ghost crabs
  3 death yaks (Lair:6)
  6 dancing weapons
  A death knight (Vaults:2)
  2 deep troll shamans (Depths:1)
  A tengu warrior (D:15)
  An orc high priest (Orc:1)
  14 naga sharpshooters
  3 thrashing horrors (Lair:6)
  3 shock serpents
  A storm dragon zombie (D:15)
  4 deep elf knights (Elf:1)
  2 salamander mystics (Snake:3)
  A fire crab (shapeshifter) (Elf:1)
  A skeletal warrior (D:15)
  4 goliath frogs
  3 spriggan druids
  8 swamp dragons
  2 bog bodies
  3 deep elf archers
  A glowing orange brain (shapeshifter) (D:14)
  10 ironbound convokers
  8 sea snakes (Snake:4)
  A death drake (Vaults:4)
  19 deep trolls
  A glowing orange brain (Elf:1)
  4 naga ritualists
  A phantasmal warrior (Vaults:3)
  6 wizards
  12 lindwurms
  4 mana vipers
  17 deep elf pyromancers
  5 harpies (Vaults:4)
  3 necromancers
  A mana viper (shapeshifter) (Lair:6)
  14 orc knights
  2 stone giant zombies
  13 deep elf zephyrmancers
  2 shining eyes
  A shining eye (shapeshifter) (Lair:6)
  16 ugly things
  A glowing shapeshifter (Elf:1)
  23 salamanders
  8 manticores
  2 will-o-the-wisps
  4 cyclopes
  13 elephants
  An apocalypse crab (D:13)
  18 vault sentinels
  46 black mambas
  A smoke demon (Lair:6)
  19 naga magi
  10 cane toads
  A gargoyle (D:6)
  8 guardian serpents
  An unseen horror (D:11)
  A torpor snail (Lair:6)
  A human zombie (Vaults:3)
  A spriggan zombie (D:15)
  Psyche (D:8)
  A freezing wraith (Vaults:2)
  12 komodo dragons
  4 rime drakes
  A kobold demonologist (D:12)
  A tengu conjurer (D:14)
  An efreet (D:15)
  15 yaktaurs
  A human skeleton (Vaults:3)
  4 ancient zymes (Lair:6)
  3 polar bears
  A spriggan skeleton (D:15)
  3 bloated husks (Swamp:1)
  A queen bee (Snake:4)
  9 tyrant leeches
  Grinder (D:6)
  20 blink frogs
  2 hornets
  14 slime creatures
  5 trolls
  A water elemental (Elf:1)
  A centaur simulacrum (D:15)
  A vampire (D:11)
  A redback (Vaults:3)
  14 yaks
  2 ynoxinuls (Lair:6)
  2 spriggans
  15 humans
  5 wraiths
  2 hogs (Swamp:3)
  4 wyverns
  7 basilisks
  7 wargs
  A steam dragon (D:7)
  7 vampire mosquitoes (D:15)
  19 water moccasins
  2 large abominations (Lair:6)
  Edmund (D:6)
  Duvessa (D:6)
  58 nagas
  8 swamp worms
  An acid dragon (D:14)
  42 orc warriors
  8 swamp drakes
  3 ice beasts (D:6)
  3 black bears
  3 sky beasts
  A necrophage (D:8)
  6 small abominations (Lair:6)
  6 ogres
  5 centaurs
  18 wolves
  8 boggarts
  7 kobold brigands
  Blork the orc (D:5)
  11 gnoll sergeants
  16 bullfrogs
  3 scorpions
  A wyvern zombie (D:7)
  Dowan (D:6)
  A water moccasin skeleton (D:6)
  4 killer bees (D:11)
  5 electric eels
  10 wights
  5 howler monkeys
  6 centaur zombies
  A jelly (D:4)
  A bullfrog zombie (D:5)
  19 orc priests
  A bullfrog skeleton (D:4)
  6 hounds
  5 gnoll shamans (Bailey)
  5 iguanas
  4 hell rats (Lair:4)
  22 orc wizards
  A killer bee zombie (D:8)
  5 howler monkey zombies
  2 howler monkey skeletons (D:6)
  12 gnolls
  7 adders
  A shadow imp (D:5)
  4 white imps
  An ufetubus (D:5)
  An adder skeleton (D:4)
  2 worms
  2 dart slugs (D:1)
  84 orcs
  7 bats
  8 endoplasms
  4 giant cockroaches
  7 goblins
  7 hobgoblins
  17 kobolds
  4 quokkas
  11 ball pythons
  4 frilled lizards
  A quokka skeleton (D:4)
  10 rats
1249 creatures vanquished.

Vanquished Creatures (collateral kills)
  A sphinx (Vaults:4)
  A deep elf elementalist (Elf:2)
  An ironbound preserver (Vaults:4)
  2 very ugly things
  A deep elf annihilator (Elf:1)
  An eleionoma (Swamp:4)
  A bunyip (Swamp:1)
  Snorg (Lair:5)
  Harold (Lair:2)
  A salamander tyrant (Snake:1)
  7 hydras
  2 naga warriors (Snake:1)
  A spriggan air mage (Swamp:4)
  An anaconda (Snake:2)
  A two-headed ogre (Orc:1)
  A death knight (D:14)
  A vampire mage (D:15)
  A deep elf knight (Elf:1)
  A skeletal warrior (D:15)
  A goliath frog (Swamp:4)
  An ironbound convoker (Vaults:2)
  6 swamp dragons (Swamp:4)
  2 deep trolls (Vaults:4)
  2 deep elf zephyrmancers
  A bog body (Lair:4)
  A phantasmal warrior (D:14)
  9 ugly things
  3 salamanders (Snake:1)
  A guardian serpent (Snake:2)
  3 naga magi
  2 elephants (Lair:4)
  4 black mambas
  A smoke demon (Lair:6)
  4 yaktaurs
  2 komodo dragons
  A rime drake (Lair:2)
  2 freezing wraiths (D:14)
  2 tyrant leeches
  A slime creature (Vaults:4)
  A troll (Orc:1)
  A hornet (Swamp:2)
  A blink frog (Lair:2)
  A spriggan (Swamp:2)
  10 yaks
  2 wyverns
  A human (D:14)
  5 swamp worms
  A warg (Orc:1)
  An acid dragon (D:14)
  2 nagas (Snake:1)
  4 water moccasins
  3 orc warriors
  A black bear (Lair:3)
  An ogre (Orc:1)
  A swamp drake (Swamp:4)
  A centaur (D:8)
  9 wolves
  2 bullfrogs (Lair:2)
  3 gnoll sergeants
  3 wights (D:8)
  A howler monkey (D:14)
  An orc priest (Orc:1)
  A gnoll shaman (Bailey)
  3 orc wizards (Orc:1)
  A small abomination (Lair:6)
  6 gnolls (Bailey)
  9 orcs
152 creatures vanquished.

Vanquished Creatures (others)
  3 very ugly things
  An eleionoma (Swamp:3)
  A deep troll (Vaults:4)
  2 orc knights (Vaults:2)
  An ugly thing (Vaults:4)
  4 bloated husks
  A swamp worm (Swamp:3)
  An orc warrior (Orc:2)
  2 orcs (Orc:2)
  9 foxfires (Swamp:2)
  46 fungi
  86 plants
  14 withered plants (D:15)
171 creatures vanquished.

Grand Total: 1572 creatures vanquished

Notes
Turn   | Place    | Note
-------+----------+-------------------------------------------
     0 | D:1      | dolemite99 the Minotaur Hunter began the quest for the Orb.
     0 | D:1      | Reached XP level 1. HP: 18/18 MP: 0/0
   176 | D:1      | Reached skill level 3 in Fighting
   176 | D:1      | Reached XP level 2. HP: 25/26 MP: 1/1
   683 | D:1      | Found a faded altar of an unknown god.
   693 | D:1      | Got Plato's Reference Book on Intoxication
   696 | D:1      | Prayed at the altar of an unknown god.
   696 | D:1      | Became a worshipper of Nemelex Xobeh the Trickster
   696 | D:1      | Reached * piety under Nemelex Xobeh
   696 | D:1      | Received a gift from Nemelex Xobeh
  1079 | D:1      | Reached XP level 3. HP: 30/31 MP: 2/2
  1128 | D:1      | Reached skill level 5 in Bows
  1497 | D:2      | Reached skill level 1 in Invocations
  1525 | D:2      | Found Fyabuemele's Armour Boutique.
  1905 | D:2      | Reached XP level 4. HP: 38/38 MP: 4/4
  2111 | D:2      | Reached ** piety under Nemelex Xobeh
  2210 | D:2      | Received a gift from Nemelex Xobeh
  3237 | D:4      | Noticed a black bear
  3237 | D:4      | Received a gift from Nemelex Xobeh
  3240 | D:4      | Reached XP level 5. HP: 45/45 MP: 6/6
  3243 | D:4      | Killed a black bear
  3247 | D:4      | Reached skill level 5 in Invocations
  3247 | D:4      | Reached XP level 6. HP: 46/51 MP: 6/8
  3651 | D:4      | Received a gift from Nemelex Xobeh
  3673 | D:4      | Reached skill level 4 in Fighting
  3804 | D:4      | Reached XP level 7. HP: 59/59 MP: 10/10
  4411 | D:2      | Bought a +0 chain mail for 49 gold pieces
  4423 | D:2      | Bought a +0 pair of boots for 49 gold pieces
  4464 | D:5      | Entered Level 5 of the Dungeon
  4473 | D:5      | Reached skill level 1 in Maces & Flails
  4578 | D:5      | Noticed Blork the orc
  4582 | D:5      | Killed Blork the orc
  4741 | D:5      | Reached skill level 5 in Maces & Flails
  4741 | D:5      | Reached XP level 8. HP: 67/67 MP: 11/11
  4924 | D:5      | Got the Tome of the Supportive Compass
  5295 | D:6      | Noticed Duvessa
  5295 | D:6      | Noticed Dowan
  5295 | D:6      | Reached *** piety under Nemelex Xobeh
  5295 | D:6      | Found Utysh's Antique Weapon Emporium.
  5305 | D:6      | Killed Duvessa
  5306 | D:6      | Killed Dowan
  5689 | D:6      | Found a snail-covered altar of Cheibriados.
  5689 | D:6      | Received a gift from Nemelex Xobeh
  5720 | D:6      | Noticed Grinder
  5731 | D:6      | Paralysed by Grinder for 6 turns
  5742 | D:6      | Killed Grinder
  6110 | D:6      | Reached skill level 1 in Armour
  6150 | D:6      | Reached XP level 9. HP: 66/72 MP: 12/12
  6696 | D:6      | Noticed Edmund
  6705 | D:6      | Killed Edmund
  6741 | D:6      | Noticed a gargoyle
  6755 | D:6      | Killed a gargoyle
  8069 | D:7      | Found a transporter.
  8221 | D:7      | Received a gift from Nemelex Xobeh
  8280 | D:7      | Found a transporter.
  8280 | D:7      | Noticed petzl's ghost (novice OpAM)
  8421 | D:7      | Reached XP level 10. HP: 69/80 MP: 15/15
  8662 | D:7      | Found a staircase to the Ecumenical Temple.
  8990 | D:8      | Found a shadowy altar of Dithmenos.
  9031 | D:8      | Noticed Psyche
  9042 | D:8      | Killed Psyche
  9070 | D:8      | Received a gift from Nemelex Xobeh
  9125 | D:8      | Noticed a two-headed ogre
  9128 | D:8      | Killed a two-headed ogre
  9193 | D:8      | Found a glowing golden altar of the Shining One.
  9224 | D:8      | Found an opulent altar of Gozag.
  9393 | D:8      | Reached **** piety under Nemelex Xobeh
  9465 | D:8      | Found a staircase to the Lair.
  9666 | D:9      | Reached skill level 10 in Bows
  9670 | D:9      | Reached skill level 10 in Invocations
  9931 | D:9      | Received a gift from Nemelex Xobeh
 10039 | D:9      | Noticed a deep elf pyromancer
 10045 | D:9      | Killed a deep elf pyromancer
 10183 | D:10     | Entered Level 10 of the Dungeon
 10259 | D:10     | Found Ozotsay's Assorted Antiques.
 10263 | D:10     | Bought 3 scrolls of teleportation for 225 gold pieces
 10263 | D:10     | Bought a bronze ring for 125 gold pieces
 10263 | D:10     | Bought a scroll of fog for 50 gold pieces
 10263 | D:10     | Bought a scroll of fear for 87 gold pieces
 10264 | D:10     | Found Tevuzupn's Jewellery Boutique.
 10621 | D:10     | Found Katasoh's Book Boutique.
 10693 | D:10     | Found Yggoagasch's Weapon Shoppe.
 10715 | D:10     | Noticed a two-headed ogre
 10723 | D:10     | Killed a two-headed ogre
 10724 | D:10     | Reached skill level 5 in Fighting
 10724 | D:10     | Reached XP level 11. HP: 88/88 MP: 17/17
 10842 | D:10     | Found a flagged portal.
 10850 | Bailey   | Entered a bailey
 10918 | Bailey   | Reached skill level 5 in Armour
 11296 | Bailey   | Identified the +2 robe "Zovoch" {rElec rPois Dex-4}
 11348 | Bailey   | Reached ***** piety under Nemelex Xobeh
 11925 | D:10     | Received a gift from Nemelex Xobeh
 12039 | D:10     | Found a shadowy altar of Dithmenos.
 12493 | Lair:1   | Entered Level 1 of the Lair of Beasts
 12493 | Lair:1   | Noticed a seven-headed hydra
 12497 | Lair:1   | Killed a seven-headed hydra
 12498 | Lair:1   | Reached skill level 6 in Fighting
 13103 | Lair:1   | Reached skill level 7 in Fighting
 13220 | Lair:1   | Received a gift from Nemelex Xobeh
 14619 | Lair:2   | Received a gift from Nemelex Xobeh
 14775 | Lair:2   | Noticed Harold
 14779 | Lair:2   | Noticed a sixfirhy
 14782 | Lair:2   | Reached skill level 8 in Fighting
 14789 | Lair:2   | Killed Harold
 14884 | Lair:2   | Received a gift from Nemelex Xobeh
 14923 | Lair:2   | Noticed Erica
 14925 | Lair:2   | Killed Erica
 15039 | Lair:2   | Reached XP level 12. HP: 103/103 MP: 19/19
 15642 | Lair:3   | Reached skill level 9 in Fighting
 15735 | Lair:3   | Received a gift from Nemelex Xobeh
 15857 | Lair:3   | Received a gift from Nemelex Xobeh
 15900 | Lair:3   | Found a staircase to the Snake Pit.
 16262 | Lair:3   | Received a gift from Nemelex Xobeh
 16342 | Lair:3   | Identified the +6 hand axe "Itayk" {vorpal, rC++ rCorr
                  | Dex-5}
 16547 | Lair:3   | Reached ****** piety under Nemelex Xobeh
 16564 | Lair:3   | Reached skill level 10 in Fighting
 16564 | Lair:3   | Identified the +2 helmet of the Harvest {Rampage Fly Int-5
                  | Stlth+}
 16632 | Lair:3   | Received a gift from Nemelex Xobeh
 17028 | Lair:4   | Received a gift from Nemelex Xobeh
 17109 | Lair:4   | Reached skill level 10 in Armour
 17267 | Lair:4   | HP: 5/106 [bog body (24)]
 17577 | Lair:4   | Noticed a six-headed hydra
 17587 | Lair:4   | Killed a six-headed hydra
 17764 | Lair:4   | Received a gift from Nemelex Xobeh
 17805 | Lair:4   | Reached skill level 10 in Maces & Flails
 18145 | Lair:4   | Identified the +1 trident "Veahynit" {venom, Fragile rElec
                  | Will+ Dex+4}
 18332 | Lair:4   | Found a staircase to the Swamp.
 18658 | Lair:5   | Reached skill level 11 in Fighting
 18752 | Lair:5   | Received a gift from Nemelex Xobeh
 18885 | Lair:5   | Noticed Snorg
 18900 | Lair:5   | Killed Snorg
 18901 | Lair:5   | Reached XP level 13. HP: 99/116 MP: 20/20
 19584 | Lair:5   | Found a staircase to the Slime Pits.
 19785 | Lair:5   | You fall into a shaft and drop 1 floor!
 19785 | Lair:6   | Entered Level 6 of the Lair of Beasts
 19813 | Lair:6   | Found the +1 robe of Vines {NoPotionHeal Regen++++}
 19835 | Lair:6   | Reached skill level 12 in Fighting
 19873 | Lair:6   | Received a gift from Nemelex Xobeh
 21157 | Lair:6   | Noticed an emperor scorpion
 21157 | Lair:6   | a death yak changed into an emperor scorpion
 21158 | Lair:6   | an emperor scorpion changed into a torpor snail
 21396 | Lair:6   | Reached skill level 13 in Fighting
 21411 | Lair:6   | Reached XP level 14. HP: 85/129 MP: 22/22
 21732 | Lair:6   | Identified the amulet "Wukia" {rF+ rC- Regen+ Int+4}
 22104 | Lair:6   | Received a gift from Nemelex Xobeh
 22242 | Lair:6   | Reached skill level 1 in Evocations
 22563 | Lair:6   | Found a corrupted altar of Lugonu.
 22563 | Lair:6   | Found a one-way gate to the infinite horrors of the Abyss.
 23095 | D:11     | Received a gift from Nemelex Xobeh
 23183 | D:11     | Found a radiant altar of Vehumet.
 23493 | D:11     | Found a staircase to the Orcish Mines.
 23493 | D:11     | Received a gift from Nemelex Xobeh
 24053 | Orc:1    | Entered Level 1 of the Orcish Mines
 24119 | Orc:2    | Entered Level 2 of the Orcish Mines
 24124 | Orc:2    | Reached skill level 5 in Evocations
 24131 | Orc:2    | Found a staircase to the Elven Halls.
 24403 | Orc:2    | Received a gift from Nemelex Xobeh
 25134 | Orc:2    | Received a gift from Nemelex Xobeh
 25139 | Orc:2    | Found Zivatit's Assorted Antiques.
 25139 | Orc:2    | Found Pemo's Antique Weapon Emporium.
 25773 | Orc:2    | Found Onotux's Magic Scroll Shop.
 25773 | Orc:2    | Found Ycvyasm's Distillery.
 25824 | Orc:2    | Found Hemot's Magic Scroll Shoppe.
 25834 | Orc:2    | Received a gift from Nemelex Xobeh
 26058 | Orc:1    | Found Dunaess's General Store.
 26960 | Orc:2    | Bought a warped brass amulet for 140 gold pieces
 26960 | Orc:2    | Identified the amulet "Idevaun" {Reflect Rampage rPois
                  | Dex+3 SH+5} (You bought it in a shop on level 2 of the
                  | Orcish Mines)
 27015 | Orc:2    | Bought 2 potions of resistance for 260 gold pieces
 27015 | Orc:2    | Bought a potion of invisibility for 104 gold pieces
 27015 | Orc:2    | Bought a potion of might for 52 gold pieces
 27015 | Orc:2    | Bought a potion of curing for 39 gold pieces
 27015 | Orc:2    | Bought a potion of curing for 39 gold pieces
 27015 | Orc:2    | Bought 2 potions of berserk rage for 130 gold pieces
 27068 | Orc:2    | Bought 3 scrolls of blinking for 315 gold pieces
 27068 | Orc:2    | Bought a scroll of enchant weapon for 105 gold pieces
 27068 | Orc:2    | Bought a scroll of enchant armour for 105 gold pieces
 27068 | Orc:2    | Bought a scroll of enchant armour for 105 gold pieces
 27415 | D:12     | Received a gift from Nemelex Xobeh
 27897 | D:12     | Received a gift from Nemelex Xobeh
 28312 | D:13     | Reached XP level 15. HP: 125/136 MP: 23/23
 28839 | D:13     | Noticed Rupert
 28848 | D:13     | Killed Rupert
 28849 | D:13     | Reached skill level 10 in Evocations
 29336 | D:14     | Noticed Nessos
 29336 | D:14     | Found a gate to the Vaults.
 29336 | D:14     | Received a gift from Nemelex Xobeh
 29412 | D:14     | Identified the +3 executioner's axe "Milaares" {drain,
                  | Contam rPois rCorr}
 29476 | D:14     | Found a gate leading to a gauntlet.
 30602 | D:14     | Killed Nessos
 31027 | D:14     | Received a gift from Nemelex Xobeh
 31310 | D:14     | Received a gift from Nemelex Xobeh
 31685 | D:15     | Entered Level 15 of the Dungeon
 33045 | D:15     | Found a staircase to the Depths.
 33098 | D:15     | Received a gift from Nemelex Xobeh
 33865 | D:10     | Bought the amulet of Lopungiecu {RegenMP Rampage rPois} for
                  | 659 gold pieces
 34029 | Snake:1  | Entered Level 1 of the Snake Pit
 34487 | Snake:1  | Reached skill level 15 in Bows
 34541 | Snake:1  | Noticed Mlioglotl
 34744 | Snake:1  | Killed Mlioglotl
 35142 | Snake:1  | Reached skill level 14 in Fighting
 35222 | Snake:1  | Received a gift from Nemelex Xobeh
 35380 | Snake:1  | Reached XP level 16. HP: 146/146 MP: 24/24
 35381 | Snake:1  | Noticed Aizul
 35382 | Snake:1  | Noticed Donald
 35388 | Snake:1  | Killed Donald
 35396 | Snake:1  | Killed Aizul
 35453 | Snake:1  | Noticed Josephine
 35467 | Snake:1  | Killed Josephine
 35628 | Snake:1  | Got the Compendium of Companions and Beguiling
 35702 | Snake:1  | Noticed Asterion
 35712 | Snake:1  | Killed Asterion
 36228 | Snake:2  | Received a gift from Nemelex Xobeh
 37819 | Snake:2  | Received a gift from Nemelex Xobeh
 37884 | Snake:2  | Received a gift from Nemelex Xobeh
 38637 | Snake:2  | Reached skill level 15 in Maces & Flails
 39260 | Snake:2  | HP: 3/147 [salamander (12)]
 40491 | Swamp:1  | Entered Level 1 of the Swamp
 41319 | Swamp:1  | Received a gift from Nemelex Xobeh
 42078 | Swamp:1  | Received a gift from Nemelex Xobeh
 42944 | Swamp:2  | Got the Incunabulum of Creative Moulding
 44685 | Swamp:3  | Reached XP level 17. HP: 136/152 MP: 16/25
 44685 | Swamp:3  | Noticed Kirke
 45039 | Swamp:2  | Killed Kirke
 45319 | Swamp:3  | Paralysed by a fenstrider witch for 4 turns
 45780 | Swamp:3  | Received a gift from Nemelex Xobeh
 46036 | Swamp:4  | Entered Level 4 of the Swamp
 46036 | Swamp:4  | Noticed Bai Suzhen
 46055 | Swamp:4  | Killed Bai Suzhen
 47204 | Swamp:4  | Reached skill level 15 in Fighting
 47334 | Swamp:4  | Noticed the 27-headed Lernaean hydra
 47350 | Swamp:4  | Killed the 27-headed Lernaean hydra
 47665 | Swamp:4  | Received a gift from Nemelex Xobeh
 47767 | Swamp:4  | Reached skill level 16 in Fighting
 48179 | Swamp:4  | Got a decaying rune of Zot
 48729 | Snake:3  | Reached skill level 15 in Armour
 49566 | Snake:3  | Identified the +1 chain mail of Loss {Rampage rN+ Dex+2}
 51727 | Snake:3  | Noticed Mara
 51736 | Snake:3  | Noticed Mara
 51736 | Snake:3  | Mara changed into Mara the doom hound
 51736 | Snake:3  | Noticed Mara
 51736 | Snake:3  | Mara changed into Mara the hellephant
 51765 | Snake:3  | Noticed dolemite99's illusion
 52145 | Snake:3  | Found a hazy altar of Hepliaklqana.
 52237 | Snake:3  | Killed Mara
 52581 | Snake:3  | Reached skill level 17 in Fighting
 52647 | Snake:3  | Received a gift from Nemelex Xobeh
 52885 | Snake:4  | Entered Level 4 of the Snake Pit
 54420 | Snake:4  | Reached XP level 18. HP: 171/171 MP: 18/26
 54711 | Snake:4  | Reached skill level 18 in Fighting
 58620 | Snake:4  | Got a serpentine rune of Zot
 58923 | Orc:1    | Bought a potion of haste for 130 gold pieces
 58923 | Orc:1    | Bought a scroll of fog for 26 gold pieces
 58923 | Orc:1    | Bought a scroll of identify for 26 gold pieces
 59033 | Vaults:1 | Entered Level 1 of the Vaults
 59703 | Vaults:1 | You fall into a shaft and drop 1 floor!
 60336 | Vaults:1 | Received a gift from Nemelex Xobeh
 61606 | Vaults:1 | Found Raru's Weapon Boutique.
 61653 | Vaults:1 | Received a gift from Nemelex Xobeh
 62506 | Vaults:2 | Paralysed by a sphinx for 5 turns
 62905 | Vaults:2 | Received a gift from Nemelex Xobeh
 64959 | Vaults:2 | Found a staircase to the Crypt.
 65086 | Vaults:2 | Reached XP level 19. HP: 165/180 MP: 27/27
 65210 | Vaults:2 | Found Qufuf's Distillery.
 65218 | Vaults:2 | Bought 2 potions of invisibility for 176 gold pieces
 65218 | Vaults:2 | Bought 2 potions of curing for 66 gold pieces
 65218 | Vaults:2 | Bought a potion of heal wounds for 55 gold pieces
 65218 | Vaults:2 | Bought a potion of might for 44 gold pieces
 65420 | Vaults:2 | Received a gift from Nemelex Xobeh
 67363 | Vaults:2 | Received a gift from Nemelex Xobeh
 68000 | Vaults:3 | Found Otal's Distillery.
 68008 | Vaults:3 | Bought a potion of heal wounds for 65 gold pieces
 68008 | Vaults:3 | Bought a potion of might for 52 gold pieces
 68008 | Vaults:3 | Bought a potion of magic for 104 gold pieces
 68008 | Vaults:3 | Bought a potion of curing for 39 gold pieces
 68104 | Vaults:3 | Received a gift from Nemelex Xobeh
 68951 | Vaults:3 | Reached skill level 15 in Invocations
 69744 | Vaults:3 | Paralysed by a sphinx for 5 turns
 70518 | Vaults:3 | Found a transporter.
 70518 | Vaults:3 | Found a transporter.
 70533 | Vaults:3 | Received a gift from Nemelex Xobeh
 70850 | Vaults:4 | Found Voco's Jewellery Emporium.
 70860 | Vaults:4 | Bought an amulet of faith for 600 gold pieces
 71253 | Vaults:4 | Got Huwkezush's Compendium of Moulding
 73433 | Vaults:3 | Reached XP level 20. HP: 171/189 MP: 31/31
 73759 | Vaults:4 | HP: 6/189 [orc knight/bolt (15)]
 74443 | Vaults:4 | Reached skill level 19 in Fighting
 75324 | Vaults:4 | Received a gift from Nemelex Xobeh
 75557 | Vaults:4 | Reached skill level 20 in Fighting
 76091 | Vaults:4 | Received a gift from Nemelex Xobeh
 76298 | Vaults:4 | Found Labliohi's Jewellery Boutique.
 77089 | Elf:1    | Entered Level 1 of the Elven Halls
 77247 | Elf:1    | Received a gift from Nemelex Xobeh
 77456 | Elf:1    | Reached skill level 5 in Dodging
 77997 | Elf:1    | Found a flickering gateway to a bazaar.
 78022 | Bazaar   | Entered a bazaar
 78026 | Bazaar   | Found Deexeqeo's Jewellery Boutique.
 78048 | Bazaar   | Found Vailuala's Assorted Antiques.
 78069 | Bazaar   | Found Reepre's Book Boutique.
 78089 | Bazaar   | Found Pacovvujy's Antique Weapon Shoppe.
 78094 | Bazaar   | Bought a brightly glowing mace for 96 gold pieces
 78094 | Bazaar   | Identified the +5 mace "Wiseik" {vorpal, rN++ Int-4 SInv}
                  | (You bought it in a shop in a bazaar)
 78156 | Bazaar   | Bought a wand of mindburst (5) for 88 gold pieces
 78156 | Bazaar   | Bought a scroll of teleportation for 66 gold pieces
 79245 | Elf:1    | Received a gift from Nemelex Xobeh
 80258 | Elf:2    | Found Tohetex's Assorted Antiques.
 80270 | Elf:2    | Bought a scroll of magic mapping for 115 gold pieces
 80491 | Depths:1 | Entered Level 1 of the Depths
 80491 | Depths:1 | Found a stormy altar of Qazlal.
 80918 | Depths:1 | Paralysed by a vampire knight for 7 turns
 80929 | Depths:1 | HP: 1/193 [ettin (23)]
 80934 | Depths:1 | HP: 8/193 [frost giant/bolt of cold (24)]
 80935 | Depths:1 | HP: 3/193 [vampire knight (5)]
 80946 | Depths:1 | HP: 11/289 [phantasmal warrior (24)]
 80947 | Depths:1 | Slain by a phantasmal warrior

Illustrated notes

Levels and vault maps discovered:
D:1:      amcnicky_arrival_choice, layout_basic,
          shapermc_ecumenical_altar_rom_forum
D:2:      layout_loops_ring, serial_shops, nicolae_shop_hallway_stairs,
          minmay_circle_x
D:3:      layout_basic
D:4:      layout_rooms
D:5:      layout_gridville, uniq_blork_the_orc
D:6:      minmay_inner_zag, layout_rooms, cheibriados_altar_1,
          nicolae_stop_n_shop_1, kennysheep_cross_room, nzn_random_ring,
          uniq_duvessa, uniq_edmund, uniq_grinder
D:7:      layout_loops_ring, temple_hall, gammafunk_ghost_stat_death
D:8:      layout_cave_pools, mainiacjoe_overflow_cross_hatched,
          lair_entry_dummy, serial_column_ruins, column_ruins_square_medium,
          column_ruins_hut, column_ruins_grid_4, column_ruins_open_tiny,
          column_ruins_open_tiny, hangedman_feature_mirror, uniq_psyche
D:9:      layout_rooms
D:10:     layout_basic, mainiacjoe_overflow_alcove_2, serial_shops,
          shop_fountains, nicolae_shop_competitors_out_of_business,
          nicolae_shop_behind_doors, nicolae_shop_bloodbath_and_beyond,
          enter_bailey_3, chequers_big_river, kennysheep_small_square
D:11:     layout_rooms, kennysheep_orc_monster_closet_entryway,
          skrybe_limestone_x, nicolae_vehumet_radiance
D:12:     layout_gridville
D:13:     layout_long_grid, evilmike_butchery, uniq_rupert
D:14:     minmay_general_purpose_star, layout_gridville, david_vaults_3,
          nrook_mini_backslash, gauntlet_entry_generic
D:15:     gammafunk_depths_entry_grave, layout_gridville, serial_park_square3
          [serial_park_minivault_5x5_5]
Lair:1:   layout_hall_layers, grunt_megastairs_1
Lair:2:   layout_cellular_growth, st_stairs_6, hibernation_bobbens,
          serial_bayou_shore_a, uniq_erica, uniq_harold
Lair:3:   layout_layer_cave, minmay_snake_entry_six_corridors,
          portal_ice_cave_entry_pillars_2
Lair:4:   statuecave_lemuel, layout_cave_pods,
          nicolae_swamp_entry_splash_gauntlet, guppyfry_lair_drakes
Lair:5:   layout_regular_city, slime_dummy, chequers_serial_rivers_micro_e,
          grunt_megastairs_4, uniq_snorg
Lair:6:   hellmonk_lair_end_abyssal_woods, layout_layer_cave,
          hellmonk_guarded_unrand_vines
Swamp:1:  layout_basic_swamp, serial_swamp_ruin, evilmike_swamp_ruin_house_6,
          evilmike_swamp_ruin_rubble_2, evilmike_swamp_ruin_house_1,
          swamp_pool5, nicolae_swamp_super_fun_site, infiniplex_staircase_pool
Swamp:2:  layout_basic_swamp, evilmike_swamp_ruin_house_4,
          nicolae_swamp_snake_nest
Swamp:3:  layout_falls_marsh, nicolae_swamp_fairy_circle, uniq_kirke
Swamp:4:  swamp_old_school, layout_basic_swamp, uniq_bai_suzhen
Snake:1:  layout_cave_shapes, nicolae_snake_serpentine_hallways,
          nicolae_snake_boneroom, uniq_aizul, uniq_josephine, uniq_donald,
          uniq_mlioglotl, uniq_asterion
Snake:2:  layout_onion_interference
Snake:3:  layout_basic, basic_altar, uniq_mara
Snake:4:  grunt_snake_rune_pools, layout_cave_shapes, grunt_ministairs_7
Orc:1:    layout_caves, serial_shops, nicolae_diamond_shop, bh_open_orc_temple
Orc:2:    st_orc_town, layout_caves, serial_shops, shop
Elf:1:    elf_arrival_001, layout_onion_city, serial_shops, bzr_entry_safe,
          minmay_elf_demonology
Elf:2:    nicolae_elf_blades_crystal_corner, layout_gridlike, serial_shops,
          nicolae_lakefront_shop, uniq_saint_roka
Vaults:1: grunt_vaults_hallway_long, ontoclasm_vaults_tryst,
          nicolae_vaults_an_arrangement, ontoclasm_vaults_fault,
          nicolae_vaults_specimen_jars, nicolae_vaults_little_squares_6,
          layout_vaults_omnigrid, serial_shops, shop
Vaults:2: minmay_crypt_entry_simple_statues, grunt_vaults_hallway_short,
          grunt_vaults_diagonal, vaults_dpeg_doors, nicolae_vaults_little_ls,
          v_alt_pattern_4, dpeg_vaults_monster_box, v_rooms_3, v_misc_26,
          layout_vaults_chaotic_city, serial_shops, shop_coins
Vaults:3: nicolae_vaults_back_hallway, ontoclasm_vaults_decontamination,
          gammafunk_the_bubble [the_bubble_gammafunk_plus_minus],
          hangedman_vaults_capsules, v_misc_33, v_misc_27,
          hangedman_vaults_slither, nicolae_vaults_yaktaur_gun_rack,
          ontoclasm_vaults_eye, layout_vaults_omnicross, serial_shops,
          nicolae_diamond_shop
Vaults:4: portal_desolation_entry_ruin, nicolae_vaults_big_ls, st_lattice,
          hangedman_vaults_stream, nicolae_vaults_theta,
          ontoclasm_vaults_hangar, v_misc_32, vaults_mumra_hexcomb,
          hangedman_vaults_nails, nicolae_vaults_big_angled_halls,
          vaults_room_mumra_shop_pool, vaults_dpeg_cross, layout_vaults_ring,
          serial_shops, shop
Depths:1: layout_gridville, nicolae_qazlal_scattered_showers,
          pf_vacation_house_of_asmodeus, lemuel_old_faithful

Skill      XL: |  1  2  3  4  5  6  7  8  9 10 11 12 13 14 15 16 17 18 19 20 |
---------------+-------------------------------------------------------------+-----
Fighting       | 3 4 5 8 11 13 14 17 18 20 | 20.0
Bows           | 5 8 10 11 12 15 17 | 17.0
Invocations    | 2 3 5 6 8 10 11 12 17 | 17.2
Maces & Flails | 5 9 11 13 17 19 | 19.2
Armour         | 2 4 8 11 13 14 16 18 19 | 19.0
Evocations     | 9 11 | 11.3
Dodging        | 8 |  8.7
Stealth        | |  0.7

Action                   |  1- 3 |  4- 6 |  7- 9 | 10-12 | 13-15 | 16-18 | 19-21 || total
-------------------------+-------+-------+-------+-------+-------+-------+-------++-------
Melee: Short sword       |    54 |     9 |     7 |       |       |       |       ||    70
       Headbutt          |    11 |     1 |    13 |    30 |    75 |    68 |    53 ||   251
       Dire flail        |       |       |    73 |   142 |   291 |   122 |       ||   628
       Shortbow          |       |       |       |       |     3 |       |       ||     3
       Longbow           |       |       |       |       |     1 |       |     1 ||     2
       Great mace        |       |       |       |       |       |   141 |   210 ||   351
 Fire: Shortbow          |    55 |   101 |   191 |   454 |  1025 |       |       ||  1826
       Longbow           |       |       |       |       |   205 |  1173 |   544 ||  1922
Throw: Stone             |     1 |       |       |     9 |     1 |       |       ||    11
Invok: Draw Destruction  |       |       |    10 |     8 |    18 |    17 |     9 ||    62
       Draw Escape       |       |       |     1 |     2 |    14 |     6 |    11 ||    34
       Draw Summoning    |       |       |       |    19 |    28 |    15 |    14 ||    76
       Deal Four         |       |       |       |       |       |     5 |     5 ||    10
Evoke: Wand              |       |       |       |     2 |    18 |    25 |    46 ||    91
       Condenser vane    |       |       |       |       |     3 |    13 |     7 ||    23
       Lightning rod     |       |       |       |       |    10 |    30 |    25 ||    65
  Use: Scroll            |       |     5 |    13 |    10 |    13 |    12 |    17 ||    70
       Potion            |       |       |     3 |     2 |     5 |     3 |    16 ||    29
 Stab: Distracted        |       |       |       |     4 |       |       |     1 ||     5
       Petrifying        |       |       |       |     1 |       |     1 |       ||     2
       Petrified         |       |       |       |     1 |       |       |       ||     1
       Paralysed         |       |       |       |       |       |     5 |       ||     5
       Invisible         |       |       |       |       |       |       |     1 ||     1
Armor: Leather armour    |    22 |     8 |       |       |       |       |       ||    30
       Chain mail        |       |       |    67 |    47 |       |       |       ||   114
       Crystal plate arm |       |       |       |   129 |   316 |       |       ||   445
       Plate armour      |       |       |       |       |   216 |   438 |   271 ||   925
Dodge: Dodged            |    38 |     8 |    49 |    62 |   204 |   258 |   162 ||   781

Table legend: (Time is in decaauts)
 A = Elapsed time spent in this place.
 B = Non-inter-level travel time spent in this place.
 C = Inter-level travel time spent in this place.
 D = Time resting spent in this place.
 E = Time spent auto-exploring this place.
 F = Levels seen in this place.
 G = Mean time per level.
                   A        B        C        D        E       F      G
               +--------+--------+--------+--------+--------+-----+--------+
         Total |  80336 |  76579 |   3757 |  34484 |  30143 |  40 | 2008.4 |
       Dungeon |  20458 |  18774 |   1684 |   5828 |   9854 |  15 | 1363.9 |
          Lair |  10275 |   9644 |    631 |   2317 |   5631 |   6 | 1712.5 |
         Swamp |   8249 |   8045 |    204 |   4328 |   2621 |   4 | 2062.2 |
     Snake Pit |  16106 |  15895 |    211 |  10044 |   3798 |   4 | 4026.5 |
  Orcish Mines |   3029 |   2752 |    277 |    503 |   1328 |   2 | 1514.5 |
   Elven Halls |   3080 |   2983 |     97 |   1097 |   1326 |   2 | 1540.0 |
        Vaults |  17487 |  16836 |    651 |   9907 |   4888 |   4 | 4371.8 |
        Depths |    448 |    448 |      0 |    267 |     71 |   1 |  448.0 |
        Bazaar |    158 |    158 |      0 |      0 |     80 |   1 |  158.0 |
        Bailey |   1042 |   1042 |      0 |    189 |    545 |   1 | 1042.0 |
               +--------+--------+--------+--------+--------+-----+--------+

Top non-repeatable levels by time:
 Snake:3: 5159 daAuts
Vaults:3: 4942 daAuts
 Snake:2: 4614 daAuts
 Snake:4: 4494 daAuts
Vaults:1: 4447 daAuts
Vaults:2: 4104 daAuts
Vaults:4: 3993 daAuts
 Swamp:2: 2871 daAuts
   Elf:1: 2809 daAuts
  Lair:6: 2577 daAuts
 Swamp:4: 2572 daAuts
     D:6: 2428 daAuts
    D:13: 2290 daAuts
   Orc:2: 2012 daAuts
    D:14: 1985 daAuts
